 Dungeon Crawl Stone Soup version 0.26-a0-611-g354ed81502 (webtiles) character file.

Game seed: 16782156638373973903

77 Migumi the Firebug (level 4, -3/24 HPs)
             Began as a Gargoyle Fire Elementalist on Sept 5, 2020.
             Killed by divine providence
             ... invoked by an orc priest
              (14 damage)
             ... on level 3 of the Dungeon.
             The game lasted 00:21:28 (2936 turns).

Migumi the Firebug (Gargoyle Fire Elementalist)     Turns: 2936, Time: 00:21:29

Health: -3/24      AC:  9    Str: 11    XL:     4   Next: 33%
Magic:  6/7        EV: 10    Int: 17    God:
Gold:   115        SH:  0    Dex: 10    Spells: 6/7 levels left

rFire    . . .     SeeInvis .   t - +0 hand axe
rCold    . . .     Faith    .   (no shield)
rNeg     + . .     Spirit   .   r - +0 ring mail
rPois    ∞         Reflect  .   (no helmet)
rElec    +         Harm     .   f - +0 cloak
rCorr    .                      (no gloves)
MR       .....                  (no boots)
Stlth    +.........             (no amulet)
HPRegen  0.08/turn              (no ring)
MPRegen  0.10/turn              (no ring)

@: no status effects
A: negative energy resistance 1, electricity resistance, unbreathing,
petrification resistance, rot immunity, AC +3
a: no special abilities


You were on level 3 of the Dungeon.
You visited 1 branch of the dungeon, and saw 3 of its levels.

You collected 115 gold pieces.

Inventory:

Hand Weapons
 b - a +0 hunting sling
 c - a +0 dagger
 e - a +0 mace
 k - a +0 dagger
 p - a +0 club
 s - a +0 club
 t - a +0 hand axe (weapon)
 u - a +0 club
 A - a +0 whip
 C - a +0 mace
 D - a +0 club
Missiles
 g - 10 stones (quivered)
 j - 4 javelins
 m - 26 bolts
 z - 16 arrows
Armour
 a - a +0 robe
 f - a +0 cloak (worn)
 r - a +0 ring mail (worn)
 y - a +0 leather armour
 B - a +0 ring mail
Scrolls
 d - 2 scrolls of teleportation {unknown}
 i - a scroll of magic mapping {unknown}
 l - 4 scrolls of identify {unknown}
 n - 3 scrolls of remove curse {unknown}
 o - 4 scrolls of blinking {unknown}
 x - a scroll of fear {unknown}
Potions
 h - a potion of cancellation {unknown}
 q - a potion of curing {unknown}
 v - a potion of haste {unknown}
 w - a potion of ambrosia {unknown}


   Skills:
 + Level 0.5 Fighting
 + Level 0.3(0.5) Axes
 + Level 0.5(0.7) Maces & Flails
 + Level 0.3 Armour
 + Level 2.0 Dodging
 + Level 2.8 Stealth
 + Level 2.3 Spellcasting
 + Level 1.5 Conjurations
 + Level 3.6 Fire Magic


You had 6 spell levels left.
You knew the following spells:

 Your Spells              Type           Power        Failure   Level
a - Foxfire               Conj/Fire      ##..         16%         1

Your spell library contained the following spells:

 Spells                   Type           Power        Failure   Level
 Conjure Flame            Conj/Fire      ##......     43%         3
 Inner Flame              Hex/Fire       #.......     54%         3
 Sticky Flame             Conj/Fire      ##......     83%         4
 Fireball                 Conj/Fire      ##........   99%         5


Dungeon Overview and Level Annotations

Branches:
Dungeon (3/15)

Altars:
Qazlal


Innate Abilities, Weirdness & Mutations

You are resistant to torment.
Your stone body is resilient. (AC +3)
You are immune to poison.
You resist negative energy. (rN+)
You are resistant to electric shocks. (rElec)
You can survive without breathing.
You are immune to petrification.
You are immune to rotting.


Message History

The orc hits you but does no damage.
The orc wizard gestures wildly while chanting.
The orc wizard seems to speed up.
The orc priest calls down the wrath of Beogh upon you.
Beogh smites you!
The orc wizard mumbles some strange words.
The orc wizard blinks!
The orc wizard hits you but does no damage.
Casting: Foxfire (safe; 16% risk of failure)
Confirm with . or Enter, or press ? or * to list all spells.
You conjure some foxfire!
The orc wizard gestures wildly while chanting.
The orc wizard blinks!
The foxfire hits the orc.
The orc is moderately wounded.
The foxfire hits the orc.
The orc is heavily wounded.
The orc priest invokes the aid of Beogh against you.
Beogh smites you!
Ouch! That really hurt!
You die...

########
####.Soo.@#
##...oh##..#
.######..#..###.##
.....#..#..####.#
#......#.g## #o.#
.........## #.##
........## #.#
.......)# #.#
#......## #<#


You could see an orc priest, an orc wizard (fast), an adder, 2 orcs and a
jackal.

Vanquished Creatures
  3 adders (D:2)
  2 oozes
  A dart slug (D:1)
  3 leopard geckos
  An orc (D:3)
  4 bats
  A giant cockroach (D:1)
  4 goblins (D:1)
  4 hobgoblins
  5 jackals (D:1)
  A kobold (D:2)
  2 frilled lizards
  3 rats (D:2)
34 creatures vanquished.

Vanquished Creatures (others)
  60 foxfires
60 creatures vanquished.

Grand Total: 94 creatures vanquished

Notes
Turn   | Place    | Note
-------+----------+-------------------------------------------
     0 | D:1      | Migumi the Gargoyle Fire Elementalist began the quest for
                  | the Orb.
     0 | D:1      | Reached XP level 1. HP: 10/10 MP: 3/3
    10 | D:1      | Noticed an electric eel
   634 | D:1      | Reached XP level 2. HP: 15/15 MP: 0/5
  1438 | D:1      | Reached XP level 3. HP: 8/19 MP: 2/6
  2133 | D:2      | Found a stormy altar of Qazlal.
  2437 | D:2      | Reached XP level 4. HP: 24/24 MP: 2/7
  2936 | D:3      | Killed from afar by an orc priest

Illustrated notes

Levels and vault maps discovered:
D:1:      arrival_aquarium_a, layout_loops_ring
D:2:      layout_loops_ring, overflow_temple_1_default
D:3:      layout_rooms, kennysheep_generic_room_10, uniq_natasha, uniq_grinder,
          uniq_ijyb

Skill      XL: |  1  2  3  4 |
---------------+-------------+-----
Dodging        | 2 |  2.0
Fighting       | |  0.5
Axes           | |  0.3
Maces & Flails | |  0.5
Armour         | |  0.3
Stealth        | |  2.8
Spellcasting   | |  2.3
Conjurations   | |  1.5
Fire Magic     | |  3.6

Action                   |  1- 3 |  4- 6 || total
-------------------------+-------+-------++-------
Melee: Unarmed           |     3 |       ||     3
       Mace              |    32 |       ||    32
       Hand axe          |    26 |    26 ||    52
 Cast: Foxfire           |    42 |     7 ||    49
Armor: Robe              |    40 |       ||    40
       Ring mail         |    22 |    26 ||    48
Dodge: Dodged            |   100 |    13 ||   113

Table legend: (Time is in decaauts)
 A = Elapsed time spent in this place.
 B = Non-inter-level travel time spent in this place.
 C = Inter-level travel time spent in this place.
 D = Time resting spent in this place.
 E = Time spent auto-exploring this place.
 F = Levels seen in this place.
 G = Mean time per level.
                   A        B        C        D        E       F      G
               +--------+--------+--------+--------+--------+-----+--------+
         Total |   2961 |   2961 |      0 |   1092 |    564 |   3 |  987.0 |
       Dungeon |   2961 |   2961 |      0 |   1092 |    564 |   3 |  987.0 |
               +--------+--------+--------+--------+--------+-----+--------+

Top non-repeatable levels by time:
     D:1: 1973 daAuts
     D:2: 941 daAuts
     D:3: 47 daAuts
